 Dungeon Crawl Stone Soup version 0.30-a0-25-gacc37e2db0 (webtiles) character file.

Game seed: 4381522528863914421

136650 Pludal the Unseen (level 16, -1/84 HPs)
             Began as a Spriggan Enchanter on Aug 25, 2022.
             Was the Champion of Dithmenos.
             Constricted to death by a naga warrior (6 damage)
             ... on level 2 of the Snake Pit.
             The game lasted 01:05:06 (26243 turns).

Pludal the Unseen (Spriggan Enchanter)             Turns: 26243, Time: 01:05:07

Health: -1/84      AC: 15    Str:  5    XL:     16   Next: 67%
Magic:  25/36      EV: 30    Int: 20    God:    Dithmenos [******]
Gold:   2488       SH:  0    Dex: 20    Spells: 32/46 levels left

rFire   . . .      SeeInvis +    a - +9 dagger (elec)
rCold   + + +      Faith    .    (no shield)
rNeg    . . .      Spirit   .    Q - +2 robe {Will+}
rPois   .          Reflect  .    (helmet restricted)
rElec   .          Harm     .    i - +4 cloak "Odianle" {rC+++ Str-5 Int+4}
rCorr   .          Rampage  .    (gloves unavailable)
Will    +++..                    (boots unavailable) Stlth ******++++
                                 r - amulet of regeneration
HPRegen 1.04/turn                K - +4 ring of protection
MPRegen 0.25/turn                s - +4 ring of evasion

@: slowed, wreathed by umbra, constricted, quick
A: very small, no large weapons, unfitting armour, see invisible, speed 3,
iridescent scales 1, thin skeletal structure 1
a: Renounce Religion, Shadow Step, Shadow Form


You were on level 2 of the Snake Pit.
You worshipped Dithmenos.
Dithmenos was exalted by your worship.
You visited 5 branches of the dungeon, and saw 25 of its levels.
You also visited: Ossuary, Bailey and Ice Cave.

You collected 2592 gold pieces.
You spent 104 gold pieces at shops.

Inventory:

Hand Weapons
 a - a +9 dagger of electrocution (weapon)
 L - the +7 lajatang of Order {silver, rMut}
   (You found it on level 13 of the Dungeon)

   It inflicts extra damage upon those it strikes, and deals substantially
   increased damage to chaotic, mutated and magically transformed beings.
   rMut:      It protects you from mutation.
Missiles
 C - 7 curare-tipped darts (quivered)
Armour
 i - the +4 cloak "Odianle" (worn) {rC+++ Str-5 Int+4}
   (You found it on level 3 of the Dungeon)

   Str:       It affects your strength (-5).
   Int:       It affects your intelligence (+4).
   rC:        It renders you almost immune to cold.
 u - a +0 cloak
 Q - a +2 robe of willpower (worn)
Jewellery
 b - a +6 ring of intelligence
 e - the amulet of the Four Winds {rN+ Will+++ Clar}
   (You found it on level 2 of the Dungeon)

   [amulet of nothing]

   rN:        It protects you from negative energy.
   Clar:      It protects you against confusion.
   Will:      It greatly increases your willpower.
 m - a +6 ring of strength
 r - an amulet of regeneration (around neck)
 s - a +4 ring of evasion (right hand)
 w - an amulet of the acrobat
 G - an amulet of reflection
 K - a +4 ring of protection (left hand)
 M - a ring of wizardry
 N - a ring of resist corrosion
Wands
 n - a wand of flame (53)
 o - a wand of iceblast (9)
 H - a wand of polymorph (11)
Scrolls
 j - 4 scrolls of immolation
 k - 9 scrolls of enchant armour
 q - 10 scrolls of teleportation
 v - 14 scrolls of identify
 y - 3 scrolls of amnesia
 E - a scroll of magic mapping
 F - 4 scrolls of vulnerability
 J - 2 scrolls of fog
 O - a scroll of summoning
Potions
 c - a potion of invisibility
 d - 8 potions of brilliance
 f - 8 potions of haste
 g - 7 potions of curing
 h - 5 potions of heal wounds
 l - 5 potions of resistance
 p - 10 potions of flight
 t - 7 potions of lignification
 x - 3 potions of cancellation
 z - 2 potions of magic
 A - 4 potions of might
Miscellaneous
 P - a phantom mirror (inert)


   Skills:
 + Level 9.2 Fighting
 + Level 11.9 Short Blades
 + Level 14.2 Dodging
 + Level 19.3 Stealth
 + Level 15.7 Spellcasting
 + Level 17.0 Hexes


You had 32 spell levels left.
You knew the following spells:

 Your Spells              Type           Power      Damage    Failure   Level
a - Ensorcelled Hibernat  Hex/Ice        98%        N/A       1%          2
b - Tukima's Dance        Hex            71%        N/A       0%          3
c - Dazzling Flash        Conj/Hex       98%        N/A       1%          3
d - Confusing Touch       Hex            71%        N/A       0%          3
e - Mephitic Cloud        Conj/Pois/Air  15%        N/A       12%         3

Your spell library contained the following spells:

 Spells                   Type           Power      Damage    Failure   Level
 Inner Flame              Hex/Fire       49%        N/A       1%          3
 Portal Projectile        Hex/Tloc       98%        N/A       1%          3
 Beastly Appendage        Tmut           30%        N/A       3%          1
 Foxfire                  Conj/Fire      60%        2x1d7     3%          1
 Magic Dart               Conj           60%        1d6       3%          1
 Sting                    Tmut/Pois      60%        1d6       3%          1
 Call Imp                 Summ           15%        N/A       6%          2
 Poisonous Vapours        Pois/Air       30%        N/A       6%          2
 Static Discharge         Conj/Air       15%        3-5/arc   6%          2
 Wereblood                Tmut           15%        N/A       6%          2
 Conjure Flame            Conj/Fire      15%        6-21      12%         3
 Frozen Ramparts          Ice            30%        1d5       12%         3
 Spider Form              Tmut/Pois      15%        N/A       12%         3
 Corpse Rot               Necr/Pois/Air  15%        N/A       36%         4
 Dispel Undead            Necr           15%        3d10      36%         4
 Flame Wave               Conj/Fire      15%        2d7       36%         4
 Hailstorm                Conj/Ice       15%        3d5       36%         4
 Ice Form                 Ice/Tmut       15%        N/A       36%         4
 Olgreb's Toxic Radiance  Pois           15%        N/A       36%         4
 Sticky Flame             Conj/Fire      15%        2d4       36%         4
 Summon Ice Beast         Ice/Summ       15%        N/A       36%         4
 Blade Hands              Tmut           7%         N/A       71%         5
 Fireball                 Conj/Fire      7%         3d5       71%         5
 Summon Forest            Summ/Tloc      7%         N/A       71%         5
 Death Channel            Necr           7%         N/A       99%         6
 Eringya's Noxious Bog    Tmut/Pois      7%         N/A       99%         6
 Simulacrum               Ice/Necr       7%         N/A       99%         6
 Starburst                Conj/Fire      7%         6d4       99%         6
 Summon Hydra             Summ           7%         N/A       100%        7
 Ignition                 Fire           7%         3d5       100%        8


Dungeon Overview and Level Annotations

Branches:
Dungeon (15/15)            Temple (1/1) D:4            Lair (5/5) D:8
  Swamp (0/4) Lair:3        Snake (2/4) Lair:3        Slime (0/5) Lair:5
    Orc (2/2) D:12            Elf (0/3) Orc:2        Vaults (0/5) D:13
 Depths (0/4) D:15        Ossuary (visited)          Bailey (visited)
  IceCv (visited)

Altars:
Ashenzari
Dithmenos
Elyvilon
Fedhas
Gozag
Hepliaklqana
Kikubaaqudgha
Makhleb
Qazlal
Ru
Sif Muna
Uskayaw
Vehumet
Wu Jian
Xom
Yredelemnul
Zin
The Shining One
Jiyva

Shops:
D:12 (*[(   Orc:2 =*(*

Portals:
Pandemonium: Orc:2

Annotations:
D:1 1 transporter
D:5 2 runed translucent doors, lis82's ghost, amateur DgAE
Orc:2 3 runed translucent doors, DungeonMaster's ghost, journeyman DsWn; Stonecrops's ghost, journeyman FoFi


Innate Abilities, Weirdness & Mutations

You are very small and have problems with some larger weapons.
You are too small for most types of armour.
You have supernaturally acute eyesight. (SInv)
You cover ground extremely quickly. (Speed+++)
You are partially covered in iridescent scales. (AC +2)
You have a somewhat thin skeletal structure. (Dex +2, Stealth+)


Message History

Your naga warrior barely misses the naga mage.
Your naga warrior closely misses the salamander.
Your naga warrior grabs the naga warrior.
Your naga warrior constricts the naga warrior.
The naga mage gestures at you while chanting.
The bolt of poison misses you.
The bolt of poison hits the naga warrior.
You feel much better.
The naga mage no longer looks unusually strong.
Your naga warrior loses its grip on the naga warrior.
Your naga warrior shimmers and vanishes!
The naga mage completely misses you. The naga completely misses you.
The naga mage casts a spell at you. The bolt of poison misses you.
The naga warrior hits you but does no damage.
The naga warrior constricts you. The naga misses you.
The salamander completely misses you. The naga mage hits you.
The naga completely misses you. The naga mage completely misses you.
The naga barely misses you. The naga warrior completely misses you.
The naga warrior constricts you.
* * * LOW HITPOINT WARNING * * *
Unknown command.
Unknown command.
You feel much better.
The naga warrior no longer looks unusually toxic.
The naga mage spits poison at you. The splash of poison misses you.
The splash of poison hits the naga warrior but does no damage.
The naga mage hits you with a +0 flail of protection!
The naga mage misses you.
The salamander hits you from afar with a +0 halberd!
* * * LOW HITPOINT WARNING * * *
You are engulfed in flames!
* * * LOW HITPOINT WARNING * * *
The naga completely misses you. The naga warrior spits poison at you.
The splash of poison misses you.
The splash of poison hits the naga mage but does no damage.
The naga warrior constricts you.
You die...

........ ......# .# #.#
......##.# ##....
#........#
#....####.........
#........)....##.
#..###.NN§......
#....§NN§#.###
##.....N@N..#
#.....##§.......
#.....##....####
##.#...#.....#
#..#.###.....#
##.##.###.....#
###..#).......#.#######.
#####......#.######.#......
.........................##


You could see a naga warrior (catching breath), a salamander (strong, poisoned,
slow), 2 naga magi and 2 nagas.

Vanquished Creatures
  Kirke (Lair:4)
  2 fire dragons (D:15)
  Josephine (Lair:5)
  A rakshasa (D:14)
  2 boulder beetles
  3 hydras
  2 anacondas (Snake:2)
  4 catoblepae
  2 naga warriors (Snake:1)
  8 centaur warriors
  A death knight (D:14)
  2 demonspawn (Orc:2)
  4 death yaks (Lair:5)
  A two-headed ogre (D:12)
  2 naga sharpshooters
  6 orc high priests (Orc:2)
  3 tengu warriors (D:14)
  A shock serpent (Snake:1)
  Sonja (Orc:1)
  A flayed ghost (D:14)
  A phantasmal warrior (D:14)
  A bog body (IceCv)
  3 orc knights
  A necromancer (IceCv)
  2 deep elf pyromancers
  A mana viper (Snake:2)
  2 salamanders
  12 ugly things
  4 orc sorcerers (Orc:2)
  8 cyclopes
  6 manticores
  9 elephants
  11 naga magi
  8 black mambas
  2 rust devils (Orc:2)
  4 cane toads (Lair:5)
  2 ice statues (IceCv)
  An unseen horror (shapeshifter) (D:14)
  9 komodo dragons
  A rime drake (Lair:4)
  A komodo dragon (shapeshifter) (D:15)
  A freezing wraith (D:14)
  2 efreet (D:13)
  An unseen horror (D:12)
  A hellwing (Orc:2)
  A yaktaur (D:14)
  5 ice devils (IceCv)
  5 anaconda simulacra (IceCv)
  A tengu conjurer (D:14)
  7 trolls
  A hornet (D:8)
  Grinder (D:6)
  20 blink frogs
  8 slime creatures
  A centaur simulacrum (D:14)
  13 wraiths
  7 wyverns
  A shadow (D:12)
  44 yaks
  A dire elephant simulacrum (IceCv)
  3 dancing weapons
  A steam dragon (D:8)
  A basilisk (shapeshifter) (D:14)
  A hog (Lair:5)
  A neqoxec (Orc:2)
  7 basilisks
  3 death yak simulacra (IceCv)
  21 vampire mosquitoes
  2 harpy simulacra (IceCv)
  A warg (Orc:1)
  Edmund (D:6)
  A chaos spawn (Orc:1)
  2 acid dragons (D:9)
  A swamp worm (Lair:3)
  16 nagas
  2 hydra simulacra (IceCv)
  Duvessa (D:5)
  8 water moccasins
  16 orc warriors
  8 black bears
  3 ogres
  6 centaurs
  A phantom (D:5)
  4 kobold brigands
  7 bullfrogs
  A gnoll sergeant (D:5)
  A two-headed ogre simulacrum (D:11)
  3 necrophages
  Blork the orc (D:4)
  3 scorpions
  2 water moccasin zombies (Ossuary)
  A cane toad simulacrum (IceCv)
  9 wights
  Dowan (D:5)
  14 killer bees
  8 howler monkeys
  An electric eel (Lair:2)
  3 hounds (D:6)
  3 jellies
  28 orc priests
  Ijyb (D:4)
  6 iguanas
  11 orc wizards
  A troll simulacrum (D:11)
  5 hell rats (Lair:5)
  2 mummies (Ossuary)
  16 gnolls
  8 adders
  3 naga simulacra
  2 shadow imps
  2 white imps
  An ufetubus (IceCv)
  8 adder zombies (Ossuary)
  3 worms
  4 dart slugs
  66 orcs
  5 ball pythons
  8 endoplasms
  2 giant cockroaches
  5 gnoll zombies (Ossuary)
  7 goblins
  8 hobgoblins
  6 jackals
  2 quokkas
  3 bats
  A frilled lizard (D:2)
  3 hobgoblin zombies (Ossuary)
  A jackal zombie (D:2)
  27 kobolds
  6 kobold zombies (Ossuary)
  5 orc zombies (Ossuary)
  7 rats
690 creatures vanquished.

Vanquished Creatures (collateral kills)
  Rupert (Lair:5)
  An orc high priest (Orc:2)
  2 orc knights (Orc:2)
  An orc sorcerer (Orc:2)
  A naga (Snake:2)
  6 orc warriors (Orc:2)
  A gnoll sergeant (D:10)
  3 wights (D:8)
  A howler monkey (D:10)
  3 orc priests
  5 gnolls
  6 orcs
  A kobold (D:8)
32 creatures vanquished.

Vanquished Creatures (others)
  27 dancing weapons
  24 fungi
  59 plants
  2 withered plants (D:2)
112 creatures vanquished.

Grand Total: 834 creatures vanquished

Notes
Turn   | Place    | Note
-------+----------+-------------------------------------------
     0 | D:1      | Pludal the Spriggan Enchanter began the quest for the Orb.
     0 | D:1      | Reached XP level 1. HP: 9/9 MP: 5/5
   306 | D:1      | Found a faded altar of an unknown god.
   546 | D:1      | Reached XP level 2. HP: 13/13 MP: 7/7
   549 | D:1      | Learned a level 2 spell: Ensorcelled Hibernation
  1214 | D:2      | Reached XP level 3. HP: 16/16 MP: 2/9
  1226 | D:2      | Learned a level 3 spell: Tukima's Dance
  1230 | D:2      | Learned a level 3 spell: Confusing Touch
  1806 | D:2      | Found the amulet of the Four Winds {rN+ Will+++ Clar}
  2364 | D:3      | Reached XP level 4. HP: 15/21 MP: 3/11
  2371 | D:3      | Reached skill level 5 in Hexes
  2476 | D:3      | Learned a level 3 spell: Dazzling Flash
  2495 | D:3      | Identified the +4 cloak "Odianle" {rC+++ Str-5 Int+4}
  2919 | D:4      | Noticed a black bear
  2961 | D:4      | Killed a black bear
  2962 | D:4      | Reached skill level 5 in Spellcasting
  2962 | D:4      | Reached XP level 5. HP: 17/24 MP: 7/13
  3287 | D:4      | Noticed Blork the orc
  3298 | D:4      | Killed Blork the orc
  3299 | D:4      | Reached skill level 5 in Stealth
  3299 | D:4      | Reached XP level 6. HP: 17/28 MP: 6/15
  3427 | D:4      | Found a staircase to the Ecumenical Temple.
  3437 | Temple   | Entered the Ecumenical Temple
  3456 | Temple   | Became a worshipper of Dithmenos the Shadowed
  3633 | D:4      | Noticed Ijyb
  3671 | D:4      | Killed Ijyb
  3830 | D:4      | Found a shimmering altar of Xom.
  3886 | D:4      | Reached skill level 6 in Stealth
  4018 | D:5      | Entered Level 5 of the Dungeon
  4029 | D:5      | Found a glowing golden altar of the Shining One.
  4052 | D:5      | Reached XP level 7. HP: 32/32 MP: 17/17
  4056 | D:5      | Found a radiant altar of Vehumet.
  4501 | D:5      | Noticed Dowan
  4505 | D:5      | Noticed Duvessa
  4513 | D:5      | Killed Dowan
  4514 | D:5      | Reached skill level 7 in Stealth
  4550 | D:5      | Killed Duvessa
  4550 | D:5      | Reached * piety under Dithmenos
  5151 | D:5      | Found a runed translucent door.
  5187 | D:5      | Noticed lis82's ghost (amateur DgAE)
  5243 | D:5      | Found a runed translucent door.
  5311 | D:5      | Reached skill level 8 in Stealth
  5311 | D:5      | Reached XP level 8. HP: 33/36 MP: 4/20
  5861 | D:6      | Noticed Grinder
  5868 | D:6      | Killed Grinder
  5869 | D:6      | Reached skill level 9 in Stealth
  6403 | D:6      | Reached skill level 10 in Stealth
  6416 | D:6      | Reached ** piety under Dithmenos
  6763 | D:6      | Reached XP level 9. HP: 39/39 MP: 23/23
  6849 | D:6      | Noticed Edmund
  6864 | D:6      | Killed Edmund
  7180 | D:7      | Found a sand-covered staircase.
  7186 | Ossuary  | Entered an ossuary
  7329 | Ossuary  | Reached *** piety under Dithmenos
  7769 | D:7      | Reached skill level 11 in Stealth
  8192 | D:8      | Reached skill level 1 in Fighting
  8238 | D:8      | Found a flagged portal.
  8248 | D:8      | Reached skill level 10 in Hexes
  8310 | D:8      | Reached **** piety under Dithmenos
  8318 | Bailey   | Entered a bailey
  8591 | Bailey   | Noticed an orc knight
  8609 | Bailey   | Reached skill level 10 in Spellcasting
  8616 | Bailey   | Killed an orc knight
  8617 | Bailey   | Reached XP level 10. HP: 46/46 MP: 13/25
  8932 | D:8      | Found a staircase to the Lair.
  8954 | D:8      | Reached skill level 12 in Stealth
  8957 | D:8      | Reached skill level 5 in Dodging
  9004 | D:8      | Reached ***** piety under Dithmenos
  9229 | D:8      | Found a hazy altar of Hepliaklqana.
 10135 | D:9      | Found a burning altar of Makhleb.
 10138 | D:9      | Found a sacrificial altar of Ru.
 10143 | D:9      | Found a glowing silver altar of Zin.
 10270 | D:10     | Entered Level 10 of the Dungeon
 10272 | D:10     | Reached skill level 5 in Short Blades
 10383 | D:10     | Reached skill level 13 in Stealth
 10597 | D:10     | Reached XP level 11. HP: 53/53 MP: 23/27
 11160 | D:11     | Identified the +2 pair of gloves "Cagint" {Fly rElec rPois
                  | Regen+}
 11457 | D:11     | Found a frozen archway.
 11504 | IceCv    | Entered an ice cave
 11705 | IceCv    | Reached skill level 14 in Stealth
 11826 | IceCv    | Noticed a necromancer
 11826 | IceCv    | Noticed a bog body
 11833 | IceCv    | Killed a bog body
 11834 | IceCv    | Reached skill level 5 in Fighting
 11836 | IceCv    | Killed a necromancer
 11987 | D:11     | Reached ****** piety under Dithmenos
 12022 | D:11     | Reached XP level 12. HP: 52/60 MP: 28/28
 12353 | D:11     | Noticed an eight-headed hydra
 12358 | D:11     | Killed an eight-headed hydra
 12418 | D:12     | Found a staircase to the Orcish Mines.
 12450 | D:12     | Noticed a two-headed ogre
 12474 | D:12     | Killed a two-headed ogre
 12630 | D:12     | Found Ahasup's Weapon Shoppe.
 12692 | D:12     | Gained mutation: You have a somewhat thin skeletal
                  | structure. (Dex +2, Stealth+) [potion of mutation]
 12692 | D:12     | Gained mutation: You are partially covered in iridescent
                  | scales. (AC +2) [potion of mutation]
 13086 | D:12     | Found Keoschuopn's Assorted Antiques.
 13095 | D:12     | Bought a metallic green potion for 16 gold pieces
 13144 | D:12     | Found Beodew's Antique Weapon Boutique.
 13292 | D:12     | Found Ymeusesk's Antique Armour Shop.
 13684 | D:13     | Reached skill level 15 in Stealth
 13684 | D:13     | Noticed a catoblepas
 13707 | D:13     | Killed a catoblepas
 13799 | D:13     | Found a gate to the Vaults.
 14031 | D:13     | Reached skill level 10 in Dodging
 14217 | D:13     | Found the +7 lajatang of Order {silver, rMut}
 14491 | D:14     | Noticed a centaur warrior
 14496 | D:14     | Killed a centaur warrior
 14566 | D:14     | Noticed a death knight
 14568 | D:14     | Killed a death knight
 14572 | D:14     | Reached XP level 13. HP: 63/65 MP: 25/31
 14805 | D:14     | Reached skill level 16 in Stealth
 15214 | D:14     | Identified the +6 mace of Truth {drain, rF- rC- Str+6 SInv}
 15346 | D:14     | Identified the ring of Icsiot {Ice rPois Int+5 Stlth-}
 15637 | D:14     | Found a broken altar of Ashenzari.
 15982 | Lair:1   | Entered Level 1 of the Lair of Beasts
 16292 | Lair:1   | Reached skill level 17 in Stealth
 16922 | Lair:2   | Learned a level 3 spell: Mephitic Cloud
 16976 | Lair:2   | Reached XP level 14. HP: 72/72 MP: 32/32
 17615 | Lair:3   | Found a staircase to the Snake Pit.
 17746 | Lair:3   | You fall into a shaft and drop 2 floors!
 17746 | Lair:5   | Entered Level 5 of the Lair of Beasts
 18106 | Lair:3   | Found a staircase to the Swamp.
 18524 | Lair:4   | Reached skill level 10 in Short Blades
 19498 | Lair:5   | Identified the +9 arbalest "Giantslayer" {flame, rC+
                  | Stlth+}
 19668 | Lair:5   | Noticed Josephine
 19681 | Lair:5   | Noticed Kirke
 19684 | Lair:5   | Killed Josephine
 19721 | Lair:4   | Killed Kirke
 20101 | Lair:5   | Found a viscous altar of Jiyva.
 20102 | Lair:5   | Found a staircase to the Slime Pits.
 20371 | Lair:5   | Reached skill level 18 in Stealth
 20392 | Lair:5   | Noticed Rupert
 20427 | Lair:5   | Killed Rupert
 20428 | Lair:5   | Reached skill level 15 in Hexes
 20770 | Orc:1    | Entered Level 1 of the Orcish Mines
 20795 | Orc:1    | Noticed Sonja
 20819 | Orc:1    | Killed Sonja
 21159 | Orc:2    | Entered Level 2 of the Orcish Mines
 21251 | Orc:1    | Reached XP level 15. HP: 78/78 MP: 34/34
 21251 | Orc:1    | Reached XP level 16. HP: 82/82 MP: 35/35
 21384 | Orc:2    | Found a staircase to the Elven Halls.
 21457 | Orc:2    | Found a runed translucent gate.
 21457 | Orc:2    | Found a runed translucent gate.
 21457 | Orc:2    | Found a runed translucent gate.
 21458 | Orc:2    | Noticed DungeonMaster's ghost (journeyman DsWn)
 21459 | Orc:2    | Noticed Stonecrops's ghost (journeyman FoFi)
 21992 | Orc:2    | Reached skill level 15 in Spellcasting
 22005 | Orc:2    | Found Nocutsux's General Store.
 22247 | Orc:2    | Found Ulufutok's General Store.
 22408 | Orc:2    | Bought a potion of curing for 33 gold pieces
 22411 | Orc:2    | Bought a potion of heal wounds for 55 gold pieces
 22668 | Orc:2    | Found Gysiug's Antique Weapon Shop.
 22668 | Orc:2    | Found Idwoxoq's Jewellery Boutique.
 22668 | Orc:2    | Found a one-way gate leading to the halls of Pandemonium.
 23281 | D:15     | Entered Level 15 of the Dungeon
 23634 | D:15     | Found a staircase to the Depths.
 24298 | Snake:1  | Entered Level 1 of the Snake Pit
 24302 | Snake:1  | Reached skill level 19 in Stealth
 26241 | Snake:2  | HP: 4/84 [constriction (5)]
 26243 | Snake:2  | Constricted to death by a naga warrior

Illustrated notes

Levels and vault maps discovered:
D:1:      spicycebolla_arrival_transporter_tutorial, layout_basic,
          ebering_ecumenical_altar_hall
D:2:      layout_rooms, serial_undead, serial_undead_c, serial_undead_c,
          serial_undead_f, serial_undead_c, chequers_serial_rivers_small_b
D:3:      layout_basic
D:4:      layout_loops_ring, lemuel_tele_altar, minmay_temple_entry_wispy,
          uniq_blork_the_orc, uniq_ijyb
D:5:      layout_basic, mainiacjoe_overflow_24_doors, vehumet_crystals,
          ebering_ghost_sewer_f, uniq_duvessa
D:6:      layout_basic, uniq_edmund, uniq_grinder
D:7:      layout_basic, nicolae_ossuary_entry_plus
D:8:      layout_loops_ring, lemuel_crystal_altar, minmay_lair_entry_grove,
          enter_bailey_5
D:9:      layout_loops_ring, grunt_temple_overflow_diamond
D:10:     layout_basic
D:11:     layout_irregular_city, portal_ice_cave_entry_ice_simulacra
D:12:     layout_loops_ring, minmay_orc_entry_temple_small, serial_shops,
          kennysheep_little_box, nicolae_inconvenience_store, shop, shop
D:13:     layout_basic, erik_vaults_1
D:14:     minmay_the_grid_octo_tiled_octocenter_mashed
          [minmay_the_grid_octo_toaster, minmay_the_grid_octo_odd_swirl,
          minmay_the_grid_octo_focus, minmay_the_grid_octo_77,
          minmay_the_grid_octo_prize_big_c,
          minmay_the_grid_square_5x5_fancy_junction,
          minmay_the_grid_square_5x5_mess, minmay_the_grid_square_5x5_empty,
          minmay_the_grid_square_5x5_bracketed], layout_loops_ring,
          nicolae_ashenzari_panopticon
D:15:     grunt_enter_depths_hoard, layout_cave_pods, corexii_leaking_fountain
Temple:   nicolae_temple_bog_church
Lair:1:   layout_cave_pods
Lair:2:   layout_regular_city, serial_bayou, serial_bayou_shore_b,
          serial_bayou_shore_b, serial_bayou_pond_c, serial_bayou_pond_b,
          nicolae_quartered_pool_little, serial_bayou_ford_a,
          columned_hall_lemuel, lemuel_fruit_tree
Lair:3:   layout_chaotic_city, minmay_swamp_entry_worms,
          minmay_snake_entry_guardpost_small
Lair:4:   layout_loops_ring, grunt_megastairs_3
Lair:5:   evilmike_catoblepas_cave, layout_loops_ring, dpeg_slime_entry_corner,
          grunt_megastairs_2, uniq_josephine, uniq_rupert, uniq_kirke
Snake:1:  layout_onion_interference
Snake:2:  dpeg_oklob_gauntlet, layout_misc_corridors
Orc:1:    layout_diamond_mine, uniq_sonja
Orc:2:    pf_orc_diabolical, layout_diamond_mine, gammafunk_ghost_cemetery

Skill      XL: |  1  2  3  4  5  6  7  8  9 10 11 12 13 14 15 16 |
---------------+-------------------------------------------------+-----
Spellcasting   | 3 4 5 6 7 9 10 11 13 14 15 | 15.7
Hexes          | 4 5 6 7 9 10 11 12 13 14 15 16 17 | 17.0
Stealth        | 5 6 8 10 11 13 14 15 17 18 19 | 19.3
Dodging        | 4 6 8 10 11 13 14 | 14.2
Fighting       | 2 3 5 6 7 8 9 |  9.2
Short Blades   | 3 5 6 8 9 11 | 11.9

Action                   |  1- 3 |  4- 6 |  7- 9 | 10-12 | 13-15 | 16-18 || total
-------------------------+-------+-------+-------+-------+-------+-------++-------
Melee: Dagger            |   111 |    86 |   329 |   552 |   689 |   381 ||  2148
       Punch             |     1 |     1 |     3 |     7 |    15 |     7 ||    34
 Cast: Ensorcelled Hiber |    11 |    10 |    29 |    53 |    51 |    55 ||   209
       Confusing Touch   |       |     2 |     5 |     8 |     8 |     5 ||    28
       Tukima's Dance    |       |     3 |    37 |    21 |     8 |    43 ||   112
       Dazzling Flash    |       |       |       |     1 |     1 |       ||     2
Invok: Shadow Step       |       |       |       |     2 |     3 |     1 ||     6
Evoke: Wand              |       |       |     3 |       |    15 |     6 ||    24
       Phantom mirror    |       |       |       |       |     1 |     1 ||     2
  Use: Scroll            |    10 |     4 |    11 |     9 |     4 |       ||    38
       Potion            |       |       |     3 |     6 |     2 |     7 ||    18
 Stab: Sleeping          |    18 |    17 |    53 |    85 |    62 |    49 ||   284
       Distracted        |     1 |       |     1 |     3 |     6 |     6 ||    17
       Confused          |       |     3 |     4 |     7 |     7 |     4 ||    25
       Invisible         |       |       |       |    11 |     2 |     3 ||    16
Armor: Robe              |    15 |    12 |    57 |    35 |    58 |    36 ||   213
Dodge: Dodged            |    61 |    55 |   277 |   479 |   518 |   391 ||  1781

Table legend: (Time is in decaauts)
 A = Elapsed time spent in this place.
 B = Non-inter-level travel time spent in this place.
 C = Inter-level travel time spent in this place.
 D = Time resting spent in this place.
 E = Time spent auto-exploring this place.
 F = Levels seen in this place.
 G = Mean time per level.
                   A        B        C        D        E       F      G
               +--------+--------+--------+--------+--------+-----+--------+
         Total |  18755 |  17892 |    863 |   1456 |  12032 |  28 |  669.8 |
       Dungeon |  11859 |  11357 |    502 |    812 |   7970 |  15 |  790.6 |
        Temple |     22 |     13 |      9 |      0 |      6 |   1 |   22.0 |
          Lair |   3008 |   2791 |    217 |     24 |   2021 |   5 |  601.6 |
     Snake Pit |   1316 |   1280 |     36 |    183 |    855 |   2 |  658.0 |
  Orcish Mines |   1736 |   1639 |     97 |    352 |    896 |   2 |  868.0 |
       Ossuary |    171 |    171 |      0 |      0 |     57 |   1 |  171.0 |
        Bailey |    351 |    351 |      0 |     82 |    156 |   1 |  351.0 |
      Ice Cave |    289 |    289 |      0 |      2 |     68 |   1 |  289.0 |
               +--------+--------+--------+--------+--------+-----+--------+

Top non-repeatable levels by time:
     D:5: 1540 daAuts
   Orc:2: 1222 daAuts
     D:1: 1155 daAuts
 Snake:1: 1048 daAuts
  Lair:5: 960 daAuts
    D:14: 932 daAuts
    D:13: 929 daAuts
     D:4: 863 daAuts
     D:6: 822 daAuts
    D:12: 776 daAuts
     D:8: 735 daAuts
     D:7: 703 daAuts
     D:2: 692 daAuts
    D:11: 618 daAuts
    D:10: 578 daAuts
